 Dungeon Crawl Stone Soup version 0.31.0-9-g3a7656b989 (webtiles) character file.

Game seed: 18422640096922442681

186994 qw the Intangible (level 17, -2/91 HPs)
             Began as a Spriggan Hunter on Feb 2, 2024.
             Was a High Priest of Okawaru.
             Slain by a six-headed hydra (5 damage)
             ... on level 4 of the Swamp.
             The game lasted 00:04:24 (26433 turns).

qw the Intangible (Spriggan Hunter)                Turns: 26433, Time: 00:04:24

Health: -2/91      AC: 14    Str:  9    XL:     17   Next: 52%
Magic:  0/34       EV: 65    Int: 19    God:    Okawaru [*****.]
Gold:   1951       SH:  0    Dex: 37    Spells: 16/16 levels left

rFire   + + .        y - +7 arbalest "Ybeoxzag" {freeze, rF+ Int+4}
rCold   + + +        (shield currently unavailable)
rNeg    + . .        n - +3 robe of Beogh's Condemnation {rF+ rC++ Dex+3}
rPois   +            A - +1 hat "Basi Fia" {rC++}
rElec   .            x - +3 cloak of the Nexus {rC+ rN+ Will+ Slay+2}
rCorr   +            (gloves unavailable)
SInv    +            (boots unavailable)
Will    +++..        g - amulet "Paqa" {Spirit rC+ rCorr Str+3 Dex+3}
Stlth   +++++        i - +6 ring of dexterity
HPRegen 0.35/turn    r - ring "Ceopoiwo" {MP+9 AC+4}
MPRegen 0.24/turn

%: guardian spirit
@: about to teleport, heroic, finesse-ful, very quick
A: very small, no large weapons, unfitting armour, see invisible, speed 3,
clever 1, poison resistance, persistent drain
a: Renounce Religion, Heroism, Finesse, Duel


You were on level 4 of the Swamp.
You worshipped Okawaru.
Okawaru was extremely pleased with you.
You visited 6 branches of the dungeon, and saw 30 of its levels.

You collected 3205 gold pieces.
You spent 1254 gold pieces at shops.


Innate Abilities, Weirdness & Mutations

You are very small and have problems with some larger weapons.
You are too small for most types of armour.
You have supernaturally acute eyesight. (SInv)
You cover ground extremely quickly. (Speed+++)
Your mind is acute. (Int +4, Str/Dex -1)
Your system is resistant to poisons. (rPois)
Your health recovers twice as slowly from being drained.


   Skills:
 + Level 11.4(16.4) Fighting
 - Level 18.0(23.0) Ranged Weapons
 - Level 2.0(7.0) Armour
 O Level 27 Dodging
 - Level 1.5(6.5) Stealth
 - Level 10.0 Invocations


You had 16 spell levels left.
You didn't know any spells.
Your spell library was empty.

Inventory:

Hand Weapons
 y - the +7 arbalest "Ybeoxzag" (weapon) {freeze, rF+ Int+4}
   (Okawaru gifted it to you on level 4 of the Lair of Beasts)

   Int+4:     It affects your intelligence (+4).
   rF+:       It protects you from fire.
Armour
 n - the +3 robe of Beogh's Condemnation (worn) {rF+ rC++ Dex+3}
   (You found it on level 4 of the Dungeon)

   Dex+3:     It affects your dexterity (+3).
   rF+:       It protects you from fire.
   rC++:      It greatly protects you from cold.
 x - the +3 cloak of the Nexus (worn) {rC+ rN+ Will+ Slay+2}
   (Okawaru gifted it to you on level 4 of the Lair of Beasts)

   Slay+2:    It affects your accuracy & damage with ranged weapons and melee
   (+2).
   rC+:       It protects you from cold.
   rN+:       It protects you from negative energy.
   Will+:     It increases your willpower.
 A - the +1 hat "Basi Fia" (worn) {rC++}
   (You acquired it on level 3 of the Spider Nest)

   rC++:      It greatly protects you from cold.
Jewellery
 g - the amulet "Paqa" (around neck) {Spirit rC+ rCorr Str+3 Dex+3}
   (You acquired it on level 8 of the Dungeon)

   [amulet of guardian spirit]

   Spirit:    It causes incoming damage to be divided between your reserves of
   health and magic.
   Str+3:     It affects your strength (+3).
   Dex+3:     It affects your dexterity (+3).
   rC+:       It protects you from cold.
   rCorr:     It protects you from acid and corrosion.
 i - a +6 ring of dexterity (left hand)
 o - the ring "Sosh" {rPois Will- rCorr AC+4 Str+8}
   (You found it on level 2 of the Swamp)

   [ring of protection]

   AC+4:      It affects your AC (+4).
   Str+8:     It affects your strength (+8).
   rPois:     It protects you from poison Will-: It decreases your willpower.
   rCorr:     It protects you from acid and corrosion.
 r - the ring "Ceopoiwo" (right hand) {MP+9 AC+4}
   (You found it on level 5 of the Dungeon)

   [ring of protection]

   AC+4:      It affects your AC (+4).
   MP+9:      It affects your magic capacity (+9).
Wands
 c - a wand of paralysis (24)
 j - a wand of digging (6)
 l - a wand of mindburst (27)
 q - a wand of iceblast (50)
 s - a wand of acid (37)
 w - a wand of polymorph (4)
Scrolls
 e - 4 scrolls of enchant armour
 k - 5 scrolls of enchant weapon
 u - 15 scrolls of teleportation
 z - 2 scrolls of identify
Potions
 a - 5 potions of haste
 b - 6 potions of might
 d - 13 potions of curing
 f - a potion of resistance
 h - 8 potions of mutation
 m - 2 potions of cancellation
 p - 6 potions of enlightenment
 t - a potion of heal wounds
 v - 4 potions of magic

Dungeon Overview and Level Annotations

Branches:
Dungeon (15/15)            Temple (1/1) D:4            Lair (5/5) D:11
  Swamp (4/4) Lair:3       Spider (3/4) Lair:3        Slime (0/5) Lair:4
    Orc (2/2) D:9             Elf (0/3) Orc:2        Vaults (0/5) D:13
 Depths (0/4) D:15

Altars:
Ashenzari
Cheibriados
Dithmenos
Elyvilon
Fedhas
Gozag
Hepliaklqana
Kikubaaqudgha
Makhleb
Nemelex Xobeh
Okawaru
Qazlal
Ru
Sif Muna
Trog
Uskayaw
Vehumet
Wu Jian
Xom
Yredelemnul
Zin
The Shining One
Jiyva

Shops:
D:1 [   D:4 !   D:9 *   Orc:2 [!*

Annotations:
D:6 3 runed translucent doors, qw's ghost, amateur DjHu; qw's ghost, novice DEHu; qw's ghost, novice SpHu
Lair:5 3 runed translucent doors, qw's ghost, journeyman DEHu
Spider:2 2 transporters, Arachne; qw's ghost, adept SpHu


Message History

The bunyip closely misses you. The bunyip completely misses you. x2
The will-o-the-wisp gestures.
The will-o-the-wisp conjures some marshlight! 2 foxfires come into view.
You shoot a bolt. The bolt hits the bunyip.
The bolt freezes the bunyip.
The bunyip is heavily wounded.
You are engulfed in spectral mist.
You shoot a bolt. The bolt hits the bunyip!
The bolt freezes the bunyip.
The bunyip is severely wounded.
You are engulfed in spectral mist.
The swamp dragon is engulfed in spectral mist.
The eleionoma is engulfed in spectral mist.
The eleionoma completely misses you.
The swamp dragon is engulfed in spectral mist.
The spriggan druid is engulfed in spectral mist.
You shoot a bolt. The bolt hits the bunyip.
The bolt freezes the bunyip.
The bunyip is severely wounded.
You are engulfed in spectral mist.
The foxfire is engulfed in spectral mist. x2
The six-headed hydra is engulfed in spectral mist.
The six-headed hydra completely misses you.
The six-headed hydra bites you! The six-headed hydra barely misses you.
The six-headed hydra completely misses you.
The six-headed hydra bites you!
The six-headed hydra closely misses you.
26433 ||| READING 16 scrolls of teleportation.
As you read the scroll of teleportation, it crumbles to dust.
You feel strangely unstable.
You are engulfed in spectral mist.
The foxfire is engulfed in spectral mist. x4
The spriggan druid is engulfed in spectral mist.
A ghoul comes into view.
The eleionoma is engulfed in spectral mist.
The eleionoma hurls a spray of splinters at you.
The spray of wooden splinters hits you!
The foxfire is engulfed in spectral mist.
The six-headed hydra is engulfed in spectral mist.
The six-headed hydra completely misses you. x2
The six-headed hydra bites you.
You die... ~~~#.~.~~#%%..~~...7 #~~~~¤#####.~7...~. ##~~## #~.77~...~. ### 7~.77777..... 77 7~~%....~ 777777 7777

7~~~.#...
7~..~777DD777777?...~.~7
7#.~~77RDDk~77.~~#......
77.~.~7@7D~~~.¤~~~~....~
777~...~77xivkw.~~~~...~.~
7~~~.....DDtD¤~~~....~...7
7.~~.)[.¤~0nw¤¤~~~..~~~~..
7....~<¤~~~.~v~¤~~.~~~~~¤~
77..¤7.~~~~.n~~~¤~~.¤~~¤~~~
7~~.77.~~~¤77~~~.~~7777~.[~
77..777.~.777n~.7777 7~
777777..~7 77.¤777


You could see 2 ghouls, a bunyip, an eleionoma, an eight-headed hydra, a
six-headed hydra, a four-headed hydra, 3 swamp dragons, a ghost crab, a spriggan
druid, a will-o-the-wisp, a bog body, 2 swamp worms and 2 swamp drakes.

Vanquished Creatures
  the Lernaean hydra (Swamp:4)
  2 tentacled monstrosities
  Jorgrun (Orc:2)
  2 thorn hunters
  2 fenstrider witches
  Roxanne (D:14)
  3 emperor scorpions
  A ghost moth (Spider:2)
  A broodmother (Spider:3)
  5 eleionomae
  5 bunyips
  An ettin (Orc:2)
  Josephine (D:10)
  A shambling mangrove (Lair:3)
  An entropy weaver (Spider:2)
  Harold (D:10)
  13 hydras
  2 ghost crabs
  2 jorogumos
  2 ogre magi (Orc:2)
  2 radroaches
  8 two-headed ogres
  A spriggan air mage (Swamp:2)
  10 boulder beetles
  5 alligators
  2 dancing weapons (D:13)
  A death knight (D:14)
  A tengu warrior (D:15)
  8 death yaks
  3 demonic crawlers
  Sonja (Lair:3)
  A spriggan berserker (Swamp:3)
  A storm dragon zombie (D:15)
  Amaemon (Lair:3)
  Nergalle (D:10)
  5 pharaoh ants
  2 skeletal warriors (D:15)
  4 swamp dragons
  Lodul (D:10)
  2 spriggan druids
  5 skysharks
  A flayed ghost (D:15)
  2 goliath frogs
  7 orb spiders
  3 steelbarb worms
  An arcanist (D:12)
  3 bog bodies
  10 orc knights (Orc:2)
  A lindwurm (Lair:5)
  3 deep elf pyromancers
  A necromancer (D:15)
  15 ugly things
  An oklob plant (Lair:5)
  An orc sorcerer (Orc:2)
  A cyclops (D:13)
  A meliai (shapeshifter) (D:14)
  6 wolf spiders
  5 elephants
  A manticore (D:13)
  A will-o-the-wisp (Swamp:3)
  8 black mambas
  2 moths of wrath
  5 kobold blastminers
  Joseph (D:9)
  4 torpor snails
  2 unseen horrors
  An orange demon (Lair:3)
  20 cane toads
  2 kobold demonologists
  Jeremiah (D:9)
  An efreet (D:14)
  3 gargoyles (D:11)
  4 yaktaurs (D:11)
  11 komodo dragons
  6 rime drakes
  6 tengu conjurers
  2 bloated husks (Swamp:1)
  10 hornets
  4 trolls
  34 blink frogs
  A polar bear (Lair:4)
  A tarantella (shapeshifter) (D:13)
  8 tyrant leeches
  13 tarantellas
  12 slime creatures
  11 dream sheep (Lair:4)
  14 jumping spiders
  2 spriggan zombies (D:15)
  14 culicivoras
  5 wyverns
  2 centaur simulacra
  9 spriggans
  Sigmund (D:3)
  46 yaks
  5 wraiths
  A vampire (D:12)
  10 wargs
  Grum (D:9)
  3 basilisks
  2 steam dragons (D:7)
  21 redbacks
  21 vampire mosquitoes
  Menkaure (D:4)
  Edmund (D:4)
  12 swamp worms
  3 acid dragons
  12 water moccasins
  4 swamp drakes (Swamp:4)
  Duvessa (D:4)
  4 sky beasts
  31 orc warriors
  2 ice beasts
  3 black bears
  A laughing skull (D:8)
  19 ogres
  10 wolves
  5 centaurs
  A phantom (D:7)
  A kobold brigand (D:10)
  22 bullfrogs
  2 gnoll sergeants
  Dowan (D:4)
  18 killer bees
  4 howler monkeys
  An electric eel (Lair:5)
  A bombardier beetle (D:6)
  5 jellies
  6 hounds
  13 orc priests
  2 gnoll boudas
  A sleepcap (D:8)
  3 iguanas
  Terence (D:3)
  28 orc wizards
  4 hell rats (Lair:4)
  17 gnolls
  4 adders
  A shadow imp (D:5)
  3 white imps
  3 dart slugs
  83 orcs
  7 ball pythons
  6 endoplasms
  3 giant cockroaches
  6 goblins
  7 hobgoblins
  2 jackals (D:3)
  7 quokkas
  5 bats
  4 frilled lizards
  9 kobolds
  13 rats
  A butterfly (Lair:2)
911 creatures vanquished.

Vanquished Creatures (others)
  An eleionoma (Swamp:4)
  A killer bee (D:7)
  An orc (Orc:1)
  A foxfire (Swamp:4)
4 creatures vanquished.

Grand Total: 915 creatures vanquished

Notes
Turn   | Place    | Note
-------+----------+-------------------------------------------
     0 | D:1      | qw the Spriggan Hunter began the quest for the Orb.
     0 | D:1      | Reached XP level 1. HP: 10/10 MP: 2/2
     0 | D:1      | 0 ||| qw: Version: 0.3-a-155-g5e7d8dd
     0 | D:1      | 0 ||| qw: Game counter: 2228
     0 | D:1      | 0 ||| qw: Melee chars always use a shield: true
     0 | D:1      | 0 ||| qw: God list: Okawaru
     0 | D:1      | 0 ||| qw: Allow faded altars: false
     0 | D:1      | 0 ||| qw: Do Orc after clearing Dungeon:15 true
     0 | D:1      | 0 ||| qw: Do second Lair branch before Depths: true
     0 | D:1      | 0 ||| qw: Lair rune preference: random
     0 | D:1      | 0 ||| qw: Goals: Normal
     0 | D:1      | 0 ||| PLANNING D:1-11
    10 | D:1      | Found Ubyux's Armour Shop.
    16 | D:1      | 16 ||| SHOPLISTING +0 robe of Starshine {*Slow rF+ SInv}
                  | (159 gold, have 0).
    49 | D:1      | Reached skill level 3 in Dodging
    56 | D:1      | 56 ||| READING scroll labelled MITSAI IF RAKE.
   159 | D:1      | Reached XP level 2. HP: 14/14 MP: 3/3
   174 | D:1      | 174 ||| READING scroll labelled WICIJO ZUAFIMA.
   177 | D:1      | 177 ||| READING scroll labelled KALIRCH IXZAOTO.
   205 | D:1      | Reached skill level 4 in Dodging
   694 | D:1      | 694 ||| UPGRADING to +0 cloak.
   699 | D:1      | 699 ||| READING scroll labelled DORHUT RAARIFF.
   702 | D:1      | 702 ||| READING scroll labelled GOGEUL ENIVOS.
   703 | D:1      | 703 ||| DRINKING 2 bubbling black potions.
   704 | D:1      | 704 ||| DROPPING scroll of butterflies.
   789 | D:2      | Reached XP level 3. HP: 18/18 MP: 4/4
  1436 | D:2      | 1436 ||| READING scroll labelled VICOVU NAMAF.
  1436 | D:2      | 1436 ||| ENCHANTING +0 cloak.
  1437 | D:2      | 1437 ||| READING scroll labelled LAITHU AHOPRU.
  1437 | D:2      | 1437 ||| IDENTIFYING glowing green potion
  1438 | D:2      | 1438 ||| DRINKING 2 clear potions.
  1500 | D:3      | Reached XP level 4. HP: 22/22 MP: 5/5
  1654 | D:3      | Noticed Terence
  1672 | D:3      | Killed Terence
  1673 | D:3      | Reached skill level 5 in Dodging
  1874 | D:3      | Noticed Sigmund
  1875 | D:3      | 1875 ||| ZAPPING wand of mindburst (5) at 3,-1 (Sigmund;
                  | floor).
  1876 | D:3      | 1876 ||| ZAPPING wand of mindburst (4) at 2,-1 (Sigmund;
                  | floor).
  1877 | D:3      | 1877 ||| ZAPPING wand of mindburst (3) at 2,-1 (Sigmund;
                  | floor).
  1878 | D:3      | 1878 ||| ZAPPING wand of mindburst (2) at 2,-1 (Sigmund;
                  | floor).
  1879 | D:3      | 1879 ||| ZAPPING wand of mindburst (1) at 2,-1 (Sigmund;
                  | floor).
  1879 | D:3      | Killed Sigmund
  1880 | D:3      | Reached skill level 3 in Fighting
  1880 | D:3      | Reached XP level 5. HP: 22/28 MP: 6/6
  2206 | D:3      | Found a bloodstained altar of Trog.
  2211 | D:3      | Reached XP level 6. HP: 32/32 MP: 7/7
  2216 | D:3      | Found a white marble altar of Elyvilon.
  2386 | D:3      | 2386 ||| UPGRADING to +6 ring of dexterity.
  2387 | D:3      | 2387 ||| READING scroll of identify.
  2387 | D:3      | 2387 ||| IDENTIFYING bubbling brown potion
  2388 | D:3      | 2388 ||| READING scroll labelled KAGUILY QO ZAE.
  2489 | D:3      | 2489 ||| READING 3 scrolls labelled JASSANKI XEFUY.
  2489 | D:3      | 2489 ||| BRANDING +0 shortbow.
  2490 | D:3      | 2490 ||| READING 2 scrolls of brand weapon.
  2490 | D:3      | 2490 ||| BRANDING +0 shortbow of flaming.
  2491 | D:3      | 2491 ||| READING scroll of brand weapon.
  2491 | D:3      | 2491 ||| BRANDING +0 shortbow of electrocution.
  2492 | D:3      | 2492 ||| READING scroll labelled HESTRA XEARIVAZ.
  2493 | D:3      | 2493 ||| DRINKING 6 pink potions.
  2493 | D:3      | Gained mutation: You are frail. (-10% HP) [potion of
                  | mutation]
  2493 | D:3      | Gained mutation: You have a pair of small horns on your
                  | head. [potion of mutation]
  2493 | D:3      | Gained mutation: Your system is resistant to poisons.
                  | (rPois) [potion of mutation]
  2494 | D:3      | 2494 ||| DRINKING 5 potions of mutation.
  2494 | D:3      | Lost mutation: Your system is resistant to poisons. (rPois)
                  | [potion of mutation]
  2494 | D:3      | Lost mutation: You have a pair of small horns on your head.
                  | [potion of mutation]
  2494 | D:3      | Gained mutation: You have a pair of small horns on your
                  | head. [potion of mutation]
  2495 | D:3      | 2495 ||| DRINKING 4 potions of mutation.
  2495 | D:3      | Lost mutation: You are frail. (-10% HP) [potion of
                  | mutation]
  2495 | D:3      | Lost mutation: You have a pair of small horns on your head.
                  | [potion of mutation]
  2495 | D:3      | Gained mutation: You are partially covered in large bone
                  | plates. (SH +4) [potion of mutation]
  2495 | D:3      | Gained mutation: You are vulnerable to cold. (rC-) [potion
                  | of mutation]
  2495 | D:3      | Gained mutation: You have a somewhat thin skeletal
                  | structure. (Dex +2, Stealth+) [potion of mutation]
  2495 | D:3      | Gained mutation: Your system is resistant to poisons.
                  | (rPois) [potion of mutation]
  2511 | D:3      | 2511 ||| DRINKING 3 potions of mutation.
  2511 | D:3      | Lost mutation: You are partially covered in large bone
                  | plates. (SH +4) [potion of mutation]
  2511 | D:3      | Lost mutation: You are vulnerable to cold. (rC-) [potion of
                  | mutation]
  2511 | D:3      | Lost mutation: You have a somewhat thin skeletal structure.
                  | (Dex +2, Stealth+) [potion of mutation]
  2511 | D:3      | Gained mutation: You are agile. (Dex +4, Str/Int -1)
                  | [potion of mutation]
  2511 | D:3      | Gained mutation: You possess an exceptional clarity of
                  | mind. [potion of mutation]
  2511 | D:3      | Gained mutation: You are frail. (-10% HP) [potion of
                  | mutation]
  2512 | D:3      | 2512 ||| DRINKING 2 potions of mutation.
  2512 | D:3      | Lost mutation: You are agile. (Dex +4, Str/Int -1) [potion
                  | of mutation]
  2512 | D:3      | Lost mutation: You possess an exceptional clarity of mind.
                  | [potion of mutation]
  2512 | D:3      | Lost mutation: You are frail. (-10% HP) [potion of
                  | mutation]
  2512 | D:3      | Gained mutation: Your mind is acute. (Int +4, Str/Dex -1)
                  | [potion of mutation]
  2512 | D:3      | Gained mutation: Your health recovers twice as slowly from
                  | being drained. [potion of mutation]
  2561 | D:4      | Noticed Duvessa
  2562 | D:4      | 2562 ||| DRINKING potion of haste.
  2564 | D:4      | Noticed Dowan
  2565 | D:4      | 2565 ||| STAIRDANCE
  2584 | D:4      | Killed Duvessa
  2585 | D:4      | Reached skill level 6 in Dodging
  2588 | D:4      | Killed Dowan
  2670 | D:4      | Found Meopy's Distillery.
  2673 | D:4      | 2673 ||| SHOPLISTING potion of haste (140 gold, have 50).
  2673 | D:4      | 2673 ||| SHOPLISTING potion of heal wounds (70 gold, have
                  | 50).
  2774 | D:4      | Found a staircase to the Ecumenical Temple.
  2775 | D:4      | 2775 ||| PLANNING TEMPLE
  2775 | D:4      | 2775 ||| DRINKING 3 murky white potions.
  2776 | D:4      | 2776 ||| DROPPING 2 potions of magic.
  2784 | Temple   | Entered the Ecumenical Temple
  2785 | Temple   | 2785 ||| PLANNING OKAWARU WORSHIP
  2802 | Temple   | Became a worshipper of Warmaster Okawaru
  2803 | Temple   | 2803 ||| PLANNING D:1-11
  2956 | D:4      | Noticed Edmund
  2957 | D:4      | 2957 ||| DRINKING potion of haste.
  2974 | D:4      | Killed Edmund
  2975 | D:4      | Reached skill level 6 in Ranged Weapons
  2975 | D:4      | Reached XP level 7. HP: 10/36 MP: 8/8
  3154 | D:4      | Noticed Menkaure
  3161 | D:4      | Killed Menkaure
  3161 | D:4      | Reached * piety under Okawaru
  3162 | D:4      | Reached skill level 7 in Dodging
  3257 | D:4      | Reached skill level 1 in Invocations
  3374 | D:4      | Found a sacrificial altar of Ru.
  3511 | D:4      | Identified the +3 robe of Beogh's Condemnation {rF+ rC++
                  | Dex+3}
  3980 | D:4      | 3980 ||| UPGRADING to +3 robe of Beogh's Condemnation {rF+
                  | rC++ Dex+3}.
  3990 | D:4      | 3990 ||| DROPPING +0 robe.
  4038 | D:5      | Entered Level 5 of the Dungeon
  4057 | D:5      | 4057 ||| SWAPPING to +0 orcbow.
  4058 | D:5      | 4058 ||| DROPPING +0 shortbow of flaming.
  4069 | D:5      | Reached skill level 3 in Invocations
  4069 | D:5      | Reached XP level 8. HP: 27/41 MP: 9/11
  4443 | D:5      | Found a hide-covered altar of Uskayaw.
  4447 | D:5      | Identified the ring "Ceopoiwo" {MP+9 AC+4}
  4566 | D:5      | 4566 ||| UPGRADING to ring of protection from fire.
  4567 | D:5      | 4567 ||| UPGRADING to ring "Ceopoiwo" {MP+9 AC+4}.
  4621 | D:5      | 4621 ||| READING scroll of identify.
  4621 | D:5      | 4621 ||| IDENTIFYING metallic green potion
  4622 | D:5      | 4622 ||| DROPPING potion of brilliance.
  4659 | D:6      | Reached ** piety under Okawaru
  4738 | D:6      | Reached skill level 8 in Dodging
  4818 | D:6      | Reached skill level 9 in Dodging
  4960 | D:6      | Found a runed translucent gate.
  4960 | D:6      | Found a runed translucent gate.
  4963 | D:6      | Identified the ring of the Original Sin {rPois rCorr Str+6}
  4976 | D:6      | Found a runed translucent gate.
  4978 | D:6      | Noticed qw's ghost (amateur DjHu)
  4978 | D:6      | Noticed qw's ghost (novice SpHu)
  4979 | D:6      | Noticed qw's ghost (novice DEHu)
  5037 | D:6      | Found an opulent altar of Gozag.
  5038 | D:6      | Found a glowing silver altar of Zin.
  5195 | D:6      | 5195 ||| DROPPING ring of the Original Sin {rPois rCorr
                  | Str+6}.
  5196 | D:6      | 5196 ||| READING scroll labelled BUAN BASSAFUSH.
  5197 | D:6      | 5197 ||| DRINKING 2 red potions.
  5198 | D:6      | 5198 ||| DROPPING potion of degeneration.
  5308 | D:7      | 5308 ||| RETREEEEATING.
  5309 | D:7      | 5309 ||| RETREEEEATING.
  5311 | D:7      | 5311 ||| RETREEEEATING.
  5313 | D:7      | 5313 ||| RETREEEEATING.
  5314 | D:7      | 5314 ||| RETREEEEATING.
  5315 | D:7      | 5315 ||| RETREEEEATING.
  5318 | D:7      | 5318 ||| RETREEEEATING.
  5319 | D:7      | 5319 ||| RETREEEEATING.
  5320 | D:7      | 5320 ||| RETREEEEATING.
  5321 | D:7      | 5321 ||| RETREEEEATING.
  5323 | D:7      | 5323 ||| RETREEEEATING.
  5324 | D:7      | 5324 ||| RETREEEEATING.
  5325 | D:7      | 5325 ||| RETREEEEATING.
  5336 | D:7      | Reached *** piety under Okawaru
  5346 | D:7      | Reached skill level 10 in Dodging
  5346 | D:7      | Reached XP level 9. HP: 23/44 MP: 13/13
  5467 | D:7      | 5467 ||| READING scroll of enchant armour.
  5467 | D:7      | 5467 ||| ENCHANTING +1 cloak.
  5744 | D:7      | Reached skill level 9 in Ranged Weapons
  5831 | D:7      | Reached skill level 11 in Dodging
  6050 | D:7      | 6050 ||| READING scroll of brand weapon.
  6050 | D:7      | 6050 ||| BRANDING +0 orcbow.
  6226 | D:7      | 6226 ||| DRINKING 2 coppery potions.
  6249 | D:8      | 6249 ||| STAIRDANCE
  6256 | D:7      | 6256 ||| DRINKING 3 potions of curing.
  6256 | D:7      | 6256 ||| (to cure confusion)
  6260 | D:8      | 6260 ||| STAIRDANCE
  6418 | D:8      | Reached **** piety under Okawaru
  6440 | D:8      | Noticed a deep elf pyromancer
  6441 | D:8      | 6441 ||| INVOKING Finesse.
  6442 | D:8      | HP: 3/44 [deep elf pyromancer/bolt of fire (16)]
  6443 | D:8      | 6443 ||| READING scroll of teleportation.
  6444 | D:8      | 6444 ||| DRINKING potion of heal wounds.
  6616 | D:8      | 6616 ||| INVOKING Heroism.
  6620 | D:8      | Killed a deep elf pyromancer
  6621 | D:8      | Reached skill level 12 in Dodging
  6641 | D:8      | 6641 ||| READING scroll of brand weapon.
  6641 | D:8      | 6641 ||| BRANDING +0 orcbow of draining.
  6780 | D:8      | Reached XP level 10. HP: 49/49 MP: 14/14
  7331 | D:8      | HP: 2/49 [acid dragon/splash of acid (19)]
  7504 | D:8      | 7504 ||| READING scroll of identify.
  7504 | D:8      | 7504 ||| IDENTIFYING emerald potion
  7505 | D:8      | 7505 ||| READING scroll labelled MITYPS ISHRAGO.
  7505 | D:8      | Identified a scroll of acquirement
  7505 | D:8      | 7505 ||| ACQUIRING amulet "Paqa" {Spirit rC+ rCorr Str+3
                  | Dex+3}
  7505 | D:8      | Acquired the amulet "Paqa" {Spirit rC+ rCorr Str+3 Dex+3}
  7507 | D:8      | 7507 ||| UPGRADING to amulet "Paqa" {Spirit rC+ rCorr Str+3
                  | Dex+3}.
  7512 | D:8      | 7512 ||| READING scroll labelled MAUCAXZAEM.
  7512 | D:8      | 7512 ||| ENCHANTING +0 heavy orcbow.
  7513 | D:8      | 7513 ||| DROPPING potion of berserk rage.
  7554 | D:9      | Found a staircase to the Orcish Mines.
  7568 | D:9      | Noticed a two-headed ogre
  7569 | D:9      | 7569 ||| INVOKING Finesse.
  7576 | D:9      | Killed a two-headed ogre
  7577 | D:9      | Reached skill level 13 in Dodging
  7756 | D:9      | Found a hazy altar of Hepliaklqana.
  7767 | D:9      | Noticed Jeremiah
  7789 | D:9      | Killed Jeremiah
  7790 | D:9      | Reached skill level 6 in Invocations
  7972 | D:9      | Reached ***** piety under Okawaru
  8003 | D:9      | 8003 ||| READING scroll of enchant weapon.
  8003 | D:9      | 8003 ||| ENCHANTING +1 heavy orcbow.
  8067 | D:9      | Noticed Joseph
  8068 | D:9      | 8068 ||| INVOKING Finesse.
  8072 | D:9      | Killed Joseph
  8277 | D:9      | Noticed Grum
  8299 | D:9      | Killed Grum
  8385 | D:9      | Found Litiq's General Store.
  8395 | D:9      | 8395 ||| BUYING 3 scrolls of teleportation (126 gold).
  8395 | D:9      | Bought 3 scrolls of teleportation for 126 gold pieces
  8395 | D:9      | 8395 ||| BUYING scroll of teleportation (42 gold).
  8395 | D:9      | Bought a scroll of teleportation for 42 gold pieces
  8412 | D:9      | Received a gift from Okawaru
  8635 | D:9      | Noticed a white ugly thing
  8636 | D:9      | 8636 ||| INVOKING Finesse.
  8640 | D:9      | Killed a white ugly thing
  8641 | D:9      | Reached XP level 11. HP: 53/53 MP: 17/17
  8669 | D:9      | 8669 ||| READING 2 scrolls of identify.
  8669 | D:9      | 8669 ||| IDENTIFYING grey potion
  8670 | D:9      | 8670 ||| READING scroll of identify.
  8670 | D:9      | 8670 ||| IDENTIFYING purple potion
  8671 | D:9      | 8671 ||| READING scroll labelled SIBAPPI NINI.
  8672 | D:9      | 8672 ||| DRINKING 2 fuming white potions.
  8715 | D:9      | 8715 ||| DROPPING potion of lignification.
  8753 | D:10     | Entered Level 10 of the Dungeon
  8782 | D:10     | 8782 ||| RETREEEEATING.
  8786 | D:10     | Noticed Josephine
  8788 | D:10     | 8788 ||| RETREEEEATING.
  8791 | D:10     | 8791 ||| ZAPPING wand of acid (31) at 2,1 (Josephine;
                  | floor).
  8792 | D:10     | 8792 ||| ZAPPING wand of acid (30) at 2,1 (Josephine;
                  | floor).
  8793 | D:10     | 8793 ||| ZAPPING wand of acid (29) at 2,1 (Josephine;
                  | floor).
  8794 | D:10     | 8794 ||| ZAPPING wand of acid (28) at 2,0 (Josephine;
                  | floor).
  8795 | D:10     | 8795 ||| ZAPPING wand of acid (27) at 2,0 (Josephine;
                  | floor).
  8796 | D:10     | 8796 ||| ZAPPING wand of acid (26) at 2,0 (Josephine;
                  | floor).
  8796 | D:10     | Killed Josephine
  8797 | D:10     | Reached skill level 14 in Dodging
  9023 | D:10     | Identified the +7 quarterstaff of Nypridgh {elec, rC+
                  | Str+4}
  9054 | D:10     | Noticed Nergalle
  9055 | D:10     | 9055 ||| INVOKING Finesse.
  9069 | D:10     | Killed Nergalle
  9321 | D:10     | Noticed Lodul
  9322 | D:10     | 9322 ||| INVOKING Finesse.
  9324 | D:10     | Reached skill level 9 in Invocations
  9325 | D:10     | 9325 ||| ZAPPING wand of acid (25) at -5,0 (Lodul; floor).
  9326 | D:10     | Noticed a two-headed ogre
  9326 | D:10     | 9326 ||| INVOKING Heroism.
  9329 | D:10     | Killed Lodul
  9330 | D:10     | Reached skill level 15 in Dodging
  9334 | D:10     | Killed a two-headed ogre
  9434 | D:10     | Noticed Harold
  9435 | D:10     | 9435 ||| INVOKING Finesse.
  9443 | D:10     | Killed Harold
  9621 | D:10     | 9621 ||| DROPPING ring of protection from cold.
  9622 | D:10     | 9622 ||| DROPPING +6 ring of intelligence.
  9743 | D:11     | Reached skill level 12 in Ranged Weapons
  9945 | D:11     | 9945 ||| FLEEEEING.
  9946 | D:11     | 9946 ||| FLEEEEING.
  9947 | D:11     | 9947 ||| FLEEEEING.
  9949 | D:11     | 9949 ||| FLEEEEING.
  9950 | D:11     | 9950 ||| FLEEEEING.
  9952 | D:11     | 9952 ||| FLEEEEING.
  9953 | D:11     | 9953 ||| FLEEEEING.
  9954 | D:11     | 9954 ||| FLEEEEING.
  9956 | D:11     | 9956 ||| FLEEEEING.
  9957 | D:11     | 9957 ||| FLEEEEING.
  9960 | D:11     | 9960 ||| FLEEEEING.
  9962 | D:11     | 9962 ||| FLEEEEING.
  9963 | D:11     | 9963 ||| FLEEEEING.
  9964 | D:11     | 9964 ||| FLEEEEING.
  9965 | D:11     | 9965 ||| FLEEEEING.
  9967 | D:11     | HP: 9/54 [yaktaur/bolt (16)]
  9968 | D:11     | 9968 ||| READING 5 scrolls of teleportation.
  9970 | D:11     | 9970 ||| FLEEEEING.
  9971 | D:11     | 9971 ||| FLEEEEING.
 10156 | D:11     | Reached XP level 12. HP: 36/59 MP: 18/20
 10327 | D:11     | 10327 ||| READING scroll of enchant weapon.
 10327 | D:11     | 10327 ||| ENCHANTING +2 heavy orcbow.
 10755 | D:11     | Found a staircase to the Lair.
 10886 | D:11     | 10886 ||| PLANNING LAIR
 10886 | D:11     | 10886 ||| READING scroll labelled KUVUATH ZAODD.
 10897 | D:11     | Received a gift from Okawaru
 10930 | Lair:1   | Entered Level 1 of the Lair of Beasts
 11154 | Lair:1   | Reached skill level 16 in Dodging
 11181 | Lair:1   | 11181 ||| RETREEEEATING.
 11182 | Lair:1   | 11182 ||| RETREEEEATING.
 11184 | Lair:1   | 11184 ||| RETREEEEATING.
 11185 | Lair:1   | 11185 ||| RETREEEEATING.
 11192 | Lair:1   | 11192 ||| RETREEEEATING.
 11193 | Lair:1   | 11193 ||| RETREEEEATING.
 11194 | Lair:1   | 11194 ||| RETREEEEATING.
 11195 | Lair:1   | 11195 ||| RETREEEEATING.
 11196 | Lair:1   | 11196 ||| RETREEEEATING.
 11197 | Lair:1   | 11197 ||| RETREEEEATING.
 11198 | Lair:1   | 11198 ||| RETREEEEATING.
 11199 | Lair:1   | 11199 ||| RETREEEEATING.
 11200 | Lair:1   | 11200 ||| RETREEEEATING.
 11201 | Lair:1   | 11201 ||| RETREEEEATING.
 11202 | Lair:1   | 11202 ||| RETREEEEATING.
 11203 | Lair:1   | 11203 ||| RETREEEEATING.
 11204 | Lair:1   | 11204 ||| RETREEEEATING.
 11205 | Lair:1   | 11205 ||| RETREEEEATING.
 11206 | Lair:1   | 11206 ||| RETREEEEATING.
 11207 | Lair:1   | 11207 ||| RETREEEEATING.
 11208 | Lair:1   | 11208 ||| RETREEEEATING.
 11210 | Lair:1   | 11210 ||| RETREEEEATING.
 11211 | Lair:1   | 11211 ||| RETREEEEATING.
 11212 | Lair:1   | 11212 ||| RETREEEEATING.
 11223 | Lair:1   | 11223 ||| INVOKING Finesse.
 11440 | Lair:1   | 11440 ||| RETREEEEATING.
 11442 | Lair:1   | 11442 ||| RETREEEEATING.
 11443 | Lair:1   | 11443 ||| RETREEEEATING.
 11656 | Lair:1   | 11656 ||| RETREEEEATING.
 11657 | Lair:1   | 11657 ||| RETREEEEATING.
 11868 | Lair:1   | 11868 ||| DRINKING 2 metallic black potions.
 11869 | Lair:1   | 11869 ||| DROPPING potion of invisibility.
 11921 | Lair:2   | 11921 ||| RETREEEEATING.
 11923 | Lair:2   | Received a gift from Okawaru
 11924 | Lair:2   | 11924 ||| RETREEEEATING.
 11929 | Lair:2   | 11929 ||| RETREEEEATING.
 11932 | Lair:2   | 11932 ||| RETREEEEATING.
 11935 | Lair:2   | 11935 ||| RETREEEEATING.
 11938 | Lair:2   | 11938 ||| RETREEEEATING.
 11939 | Lair:2   | 11939 ||| RETREEEEATING.
 11944 | Lair:2   | Reached skill level 17 in Dodging
 11997 | Lair:2   | 11997 ||| INVOKING Finesse.
 12095 | Lair:2   | Noticed a death yak
 12096 | Lair:2   | 12096 ||| INVOKING Finesse.
 12101 | Lair:2   | Killed a death yak
 12375 | Lair:2   | 12375 ||| RETREEEEATING.
 12381 | Lair:2   | Reached XP level 13. HP: 63/63 MP: 21/21
 12512 | Lair:2   | 12512 ||| RETREEEEATING.
 12761 | Lair:3   | Noticed Sonja
 12763 | Lair:3   | Killed Sonja
 12803 | Lair:3   | 12803 ||| RETREEEEATING.
 12805 | Lair:3   | Reached skill level 18 in Dodging
 12807 | Lair:3   | 12807 ||| RETREEEEATING.
 12809 | Lair:3   | 12809 ||| RETREEEEATING.
 12812 | Lair:3   | 12812 ||| INVOKING Finesse.
 12815 | Lair:3   | 12815 ||| RETREEEEATING.
 12821 | Lair:3   | 12821 ||| RETREEEEATING.
 12866 | Lair:3   | Received a gift from Okawaru
 12949 | Lair:3   | Reached skill level 6 in Fighting
 12949 | Lair:3   | Found a hole to the Spider Nest.
 12997 | Lair:3   | Found a staircase to the Swamp.
 13000 | Lair:3   | Noticed Amaemon
 13011 | Lair:3   | 13011 ||| RETREEEEATING.
 13016 | Lair:3   | 13016 ||| RETREEEEATING.
 13030 | Lair:3   | Killed Amaemon
 13030 | Lair:3   | Received a gift from Okawaru
 13248 | Lair:3   | 13248 ||| RETREEEEATING.
 13250 | Lair:3   | 13250 ||| RETREEEEATING.
 13252 | Lair:3   | 13252 ||| RETREEEEATING.
 13254 | Lair:3   | 13254 ||| RETREEEEATING.
 13259 | Lair:3   | Reached skill level 15 in Ranged Weapons
 13314 | Lair:3   | 13314 ||| RETREEEEATING.
 13316 | Lair:3   | 13316 ||| RETREEEEATING.
 13318 | Lair:3   | 13318 ||| RETREEEEATING.
 13355 | Lair:3   | 13355 ||| READING scroll of enchant weapon.
 13355 | Lair:3   | 13355 ||| ENCHANTING +3 heavy orcbow.
 13791 | Lair:4   | 13791 ||| RETREEEEATING.
 13792 | Lair:4   | 13792 ||| RETREEEEATING.
 13794 | Lair:4   | 13794 ||| RETREEEEATING.
 13795 | Lair:4   | 13795 ||| RETREEEEATING.
 13796 | Lair:4   | 13796 ||| RETREEEEATING.
 13797 | Lair:4   | 13797 ||| RETREEEEATING.
 13802 | Lair:4   | 13802 ||| INVOKING Finesse.
 13821 | Lair:4   | Reached skill level 19 in Dodging
 13825 | Lair:4   | Reached skill level 1 in Armour
 14048 | Lair:4   | Found a staircase to the Slime Pits.
 14049 | Lair:4   | Found a viscous altar of Jiyva.
 14080 | Lair:4   | 14080 ||| RETREEEEATING.
 14081 | Lair:4   | 14081 ||| RETREEEEATING.
 14082 | Lair:4   | 14082 ||| RETREEEEATING.
 14099 | Lair:4   | Received a gift from Okawaru
 14178 | Lair:4   | Reached XP level 14. HP: 70/70 MP: 22/22
 14336 | Lair:4   | 14336 ||| RETREEEEATING.
 14337 | Lair:4   | 14337 ||| RETREEEEATING.
 14338 | Lair:4   | 14338 ||| RETREEEEATING.
 14339 | Lair:4   | 14339 ||| RETREEEEATING.
 14340 | Lair:4   | 14340 ||| RETREEEEATING.
 14341 | Lair:4   | 14341 ||| RETREEEEATING.
 14342 | Lair:4   | 14342 ||| RETREEEEATING.
 14343 | Lair:4   | 14343 ||| RETREEEEATING.
 14344 | Lair:4   | 14344 ||| RETREEEEATING.
 14345 | Lair:4   | 14345 ||| RETREEEEATING.
 14346 | Lair:4   | 14346 ||| RETREEEEATING.
 14347 | Lair:4   | 14347 ||| RETREEEEATING.
 14348 | Lair:4   | 14348 ||| RETREEEEATING.
 14349 | Lair:4   | 14349 ||| RETREEEEATING.
 14350 | Lair:4   | 14350 ||| RETREEEEATING.
 14352 | Lair:4   | 14352 ||| RETREEEEATING.
 14366 | Lair:4   | Reached ****** piety under Okawaru
 14372 | Lair:4   | Received a gift from Okawaru
 14435 | Lair:4   | 14435 ||| INVOKING Receive Weapon.
 14435 | Lair:4   | 14435 ||| ACQUIRING +7 arbalest "Ybeoxzag" {freeze, rF+
                  | Int+4}
 14435 | Lair:4   | Acquired the +7 arbalest "Ybeoxzag" {freeze, rF+ Int+4}
 14435 | Lair:4   | Received a gift from Okawaru
 14436 | Lair:4   | 14436 ||| INVOKING Receive Armour.
 14436 | Lair:4   | 14436 ||| ACQUIRING +3 cloak of the Nexus {rC+ rN+ Will+
                  | Slay+2}
 14436 | Lair:4   | Acquired the +3 cloak of the Nexus {rC+ rN+ Will+ Slay+2}
 14436 | Lair:4   | Received a gift from Okawaru
 14438 | Lair:4   | 14438 ||| SWAPPING to +7 arbalest "Ybeoxzag" {freeze, rF+
                  | Int+4}.
 14439 | Lair:4   | 14439 ||| DROPPING +4 heavy orcbow.
 14622 | Lair:4   | Found a sparkling altar of Nemelex Xobeh.
 14954 | Lair:4   | 14954 ||| UPGRADING to +3 cloak of the Nexus {rC+ rN+ Will+
                  | Slay+2}.
 14964 | Lair:4   | 14964 ||| DROPPING +2 cloak.
 14965 | Lair:4   | 14965 ||| READING scroll of identify.
 14965 | Lair:4   | 14965 ||| IDENTIFYING fuming inky potion
 14966 | Lair:4   | 14966 ||| READING scroll labelled DOGIHA SER.
 14967 | Lair:4   | 14967 ||| DROPPING potion of ambrosia.
 14977 | Lair:5   | Entered Level 5 of the Lair of Beasts
 15046 | Lair:5   | 15046 ||| RETREEEEATING.
 15047 | Lair:5   | 15047 ||| RETREEEEATING.
 15048 | Lair:5   | 15048 ||| RETREEEEATING.
 15056 | Lair:5   | 15056 ||| INVOKING Finesse.
 15066 | Lair:5   | 15066 ||| RETREEEEATING.
 15133 | Lair:5   | Received a gift from Okawaru
 15134 | Lair:5   | Reached skill level 20 in Dodging
 15318 | Lair:5   | 15318 ||| RETREEEEATING.
 15354 | Lair:5   | 15354 ||| DRINKING 3 potions of haste.
 15479 | Lair:5   | Noticed qw's ghost (journeyman DEHu)
 15573 | Lair:5   | Got an earthy gem with 410 turns to spare
 15834 | Lair:5   | Found a runed translucent gate.
 15835 | Lair:5   | Found a runed translucent gate.
 15836 | Lair:5   | Found a runed translucent gate.
 16002 | Lair:5   | 16002 ||| INVOKING Finesse.
 16269 | Lair:5   | Received a gift from Okawaru
 16318 | Lair:5   | 16318 ||| PLANNING D
 16318 | Lair:5   | 16318 ||| DROPPING ring of magical power.
 16823 | D:12     | 16823 ||| RETREEEEATING.
 16824 | D:12     | 16824 ||| RETREEEEATING.
 16825 | D:12     | 16825 ||| RETREEEEATING.
 16826 | D:12     | 16826 ||| RETREEEEATING.
 16827 | D:12     | 16827 ||| RETREEEEATING.
 16828 | D:12     | 16828 ||| RETREEEEATING.
 16831 | D:12     | 16831 ||| RETREEEEATING.
 16833 | D:12     | 16833 ||| RETREEEEATING.
 16834 | D:12     | 16834 ||| RETREEEEATING.
 16835 | D:12     | 16835 ||| RETREEEEATING.
 16837 | D:12     | 16837 ||| RETREEEEATING.
 16838 | D:12     | 16838 ||| RETREEEEATING.
 16840 | D:12     | 16840 ||| RETREEEEATING.
 17667 | D:13     | Reached skill level 21 in Dodging
 18045 | D:13     | Identified the +1 falchion of Instinct {spect, Int+3}
 18052 | D:13     | Found a gate to the Vaults.
 18377 | D:14     | Reached XP level 15. HP: 75/75 MP: 23/23
 18394 | D:14     | 18394 ||| RETREEEEATING.
 18412 | D:14     | Received a gift from Okawaru
 18776 | D:14     | Noticed Roxanne
 18777 | D:14     | 18777 ||| INVOKING Finesse.
 18786 | D:14     | Killed Roxanne
 18918 | D:14     | 18918 ||| DROPPING ring of fire.
 18919 | D:14     | 18919 ||| DROPPING ring of ice.
 18945 | D:15     | Entered Level 15 of the Dungeon
 19027 | D:15     | Reached skill level 22 in Dodging
 19030 | D:15     | 19030 ||| RETREEEEATING.
 19031 | D:15     | 19031 ||| RETREEEEATING.
 19035 | D:15     | 19035 ||| RETREEEEATING.
 19037 | D:15     | 19037 ||| RETREEEEATING.
 19038 | D:15     | 19038 ||| RETREEEEATING.
 19162 | D:15     | Found a staircase to the Depths.
 19215 | D:15     | Received a gift from Okawaru
 19437 | D:15     | Reached skill level 18 in Ranged Weapons
 19497 | D:15     | 19497 ||| PLANNING ORC
 19639 | Orc:1    | Entered Level 1 of the Orcish Mines
 19640 | Orc:1    | 19640 ||| STAIRDANCE
 19648 | Orc:1    | 19648 ||| STAIRDANCE
 19670 | Orc:1    | 19670 ||| STAIRDANCE
 19685 | Orc:1    | 19685 ||| STAIRDANCE
 19722 | Orc:1    | 19722 ||| STAIRDANCE
 19733 | Orc:1    | 19733 ||| STAIRDANCE
 19739 | Orc:1    | 19739 ||| STAIRDANCE
 19748 | Orc:1    | 19748 ||| STAIRDANCE
 19942 | Orc:2    | Entered Level 2 of the Orcish Mines
 20093 | Orc:2    | 20093 ||| INVOKING Finesse.
 20151 | Orc:2    | Received a gift from Okawaru
 20165 | Orc:2    | 20165 ||| ZAPPING wand of acid (24) at 0,5 (orc knight;
                  | floor).
 20166 | Orc:2    | 20166 ||| RETREEEEATING.
 20167 | Orc:2    | 20167 ||| RETREEEEATING.
 20169 | Orc:2    | 20169 ||| INVOKING Finesse.
 20273 | Orc:2    | Noticed Jorgrun
 20276 | Orc:2    | 20276 ||| INVOKING Finesse.
 20287 | Orc:2    | Killed Jorgrun
 20343 | Orc:2    | Found Homy's Assorted Antiques.
 20363 | Orc:2    | 20363 ||| BUYING potion of curing (57 gold).
 20363 | Orc:2    | Bought a potion of curing for 57 gold pieces
 20363 | Orc:2    | 20363 ||| BUYING potion of curing (57 gold).
 20363 | Orc:2    | Bought a potion of curing for 57 gold pieces
 20363 | Orc:2    | 20363 ||| BUYING potion of enlightenment (95 gold).
 20363 | Orc:2    | Bought a potion of enlightenment for 95 gold pieces
 20363 | Orc:2    | 20363 ||| BUYING potion of enlightenment (95 gold).
 20363 | Orc:2    | Bought a potion of enlightenment for 95 gold pieces
 20507 | Orc:2    | 20507 ||| RETREEEEATING.
 20507 | Orc:2    | Found Rowepya's Antique Weapon Shop.
 20508 | Orc:2    | 20508 ||| RETREEEEATING.
 20509 | Orc:2    | 20509 ||| RETREEEEATING.
 20510 | Orc:2    | 20510 ||| RETREEEEATING.
 20511 | Orc:2    | 20511 ||| RETREEEEATING.
 20513 | Orc:2    | 20513 ||| RETREEEEATING.
 20517 | Orc:2    | Reached skill level 23 in Dodging
 20621 | Orc:2    | Found Ihimucunu's Distillery.
 20622 | Orc:2    | 20622 ||| RETREEEEATING.
 20623 | Orc:2    | 20623 ||| RETREEEEATING.
 20631 | Orc:2    | 20631 ||| RETREEEEATING.
 20632 | Orc:2    | 20632 ||| RETREEEEATING.
 20633 | Orc:2    | 20633 ||| RETREEEEATING.
 20650 | Orc:2    | 20650 ||| BUYING 2 potions of mutation (272 gold).
 20650 | Orc:2    | Bought 2 potions of mutation for 272 gold pieces
 20650 | Orc:2    | 20650 ||| BUYING 2 potions of mutation (272 gold).
 20650 | Orc:2    | Bought 2 potions of mutation for 272 gold pieces
 20650 | Orc:2    | 20650 ||| BUYING potion of curing (51 gold).
 20650 | Orc:2    | Bought a potion of curing for 51 gold pieces
 20650 | Orc:2    | 20650 ||| BUYING potion of curing (51 gold).
 20650 | Orc:2    | Bought a potion of curing for 51 gold pieces
 20650 | Orc:2    | 20650 ||| BUYING potion of magic (136 gold).
 20650 | Orc:2    | Bought a potion of magic for 136 gold pieces
 20764 | Orc:1    | Received a gift from Okawaru
 20845 | Orc:2    | Found a staircase to the Elven Halls.
 20889 | Orc:2    | Found Jamp's Antique Armour Boutique.
 20890 | Orc:2    | 20890 ||| RETREEEEATING.
 20891 | Orc:2    | 20891 ||| RETREEEEATING.
 21114 | Orc:2    | 21114 ||| PLANNING SWAMP:1-3
 21257 | Swamp:1  | Entered Level 1 of the Swamp
 21257 | Swamp:1  | Noticed a thorn hunter
 21258 | Swamp:1  | 21258 ||| INVOKING Finesse.
 21260 | Swamp:1  | 21260 ||| STAIRDANCE
 21286 | Swamp:1  | 21286 ||| STAIRDANCE
 21291 | Swamp:1  | 21291 ||| STAIRDANCE
 21316 | Swamp:1  | 21316 ||| STAIRDANCE
 21327 | Swamp:1  | 21327 ||| STAIRDANCE
 21329 | Lair:3   | 21329 ||| INVOKING Finesse.
 21335 | Lair:3   | Killed a thorn hunter
 21344 | Lair:3   | Reached XP level 16. HP: 65/81 MP: 21/24
 21397 | Swamp:1  | 21397 ||| STAIRDANCE
 21433 | Swamp:1  | Reached skill level 24 in Dodging
 21437 | Swamp:1  | Noticed a thorn hunter
 21438 | Swamp:1  | 21438 ||| INVOKING Finesse.
 21442 | Swamp:1  | Killed a thorn hunter
 21788 | Swamp:2  | 21788 ||| STAIRDANCE
 21792 | Swamp:2  | 21792 ||| RETREEEEATING.
 21793 | Swamp:2  | 21793 ||| RETREEEEATING.
 21794 | Swamp:2  | 21794 ||| RETREEEEATING.
 21795 | Swamp:2  | 21795 ||| RETREEEEATING.
 21796 | Swamp:2  | 21796 ||| RETREEEEATING.
 21797 | Swamp:2  | 21797 ||| RETREEEEATING.
 21798 | Swamp:2  | 21798 ||| RETREEEEATING.
 21799 | Swamp:2  | 21799 ||| RETREEEEATING.
 21800 | Swamp:2  | 21800 ||| RETREEEEATING.
 21812 | Swamp:2  | Noticed a tentacled monstrosity
 21815 | Swamp:2  | 21815 ||| ZAPPING wand of acid (30) at 2,5 (tentacled
                  | monstrosity; floor).
 21816 | Swamp:2  | 21816 ||| ZAPPING wand of acid (29) at 1,4 (tentacled
                  | monstrosity; floor).
 21817 | Swamp:2  | 21817 ||| ZAPPING wand of acid (28) at 1,3 (tentacled
                  | monstrosity; floor).
 21819 | Swamp:2  | 21819 ||| INVOKING Finesse.
 21823 | Swamp:2  | Killed a tentacled monstrosity
 22222 | Swamp:2  | Reached skill level 9 in Fighting
 22237 | Swamp:2  | 22237 ||| INVOKING Finesse.
 22316 | Swamp:2  | Identified the ring "Sosh" {rPois Will- rCorr AC+4 Str+8}
 22646 | Swamp:2  | 22646 ||| DROPPING ring of protection from fire.
 22653 | Swamp:3  | 22653 ||| INVOKING Finesse.
 22654 | Swamp:3  | 22654 ||| INVOKING Heroism.
 22658 | Swamp:3  | 22658 ||| ZAPPING wand of iceblast (41) at -4,-1 (spriggan
                  | air mage; shallow_water).
 22659 | Swamp:3  | 22659 ||| ZAPPING wand of iceblast (40) at -3,-1 (spriggan
                  | air mage; shallow_water).
 22660 | Swamp:3  | 22660 ||| STAIRDANCE
 22731 | Swamp:3  | Received a gift from Okawaru
 22812 | Swamp:3  | Reached skill level 25 in Dodging
 22845 | Swamp:3  | 22845 ||| INVOKING Finesse.
 23127 | Swamp:3  | Noticed a tentacled monstrosity
 23143 | Swamp:3  | 23143 ||| INVOKING Finesse.
 23149 | Swamp:3  | Killed a tentacled monstrosity
 23236 | Swamp:3  | 23236 ||| PLANNING SPIDER:1-3
 23236 | Swamp:3  | 23236 ||| READING scroll labelled TEISUR LEBBESH.
 23313 | Swamp:3  | 23313 ||| DROPPING scroll of vulnerability.
 23375 | Spider:1 | Entered Level 1 of the Spider Nest
 23441 | Spider:1 | 23441 ||| RETREEEEATING.
 23442 | Spider:1 | 23442 ||| RETREEEEATING.
 23443 | Spider:1 | 23443 ||| RETREEEEATING.
 23444 | Spider:1 | 23444 ||| RETREEEEATING.
 23603 | Spider:1 | 23603 ||| INVOKING Finesse.
 23610 | Spider:1 | 23610 ||| RETREEEEATING.
 23629 | Spider:1 | 23629 ||| RETREEEEATING.
 23633 | Spider:1 | 23633 ||| RETREEEEATING.
 23634 | Spider:1 | 23634 ||| RETREEEEATING.
 23635 | Spider:1 | 23635 ||| RETREEEEATING.
 23636 | Spider:1 | 23636 ||| RETREEEEATING.
 23637 | Spider:1 | 23637 ||| RETREEEEATING.
 23638 | Spider:1 | 23638 ||| INVOKING Finesse.
 23642 | Spider:1 | Reached skill level 26 in Dodging
 23750 | Spider:1 | Identified the +4 war axe "Qeoth" {freeze, rC++}
 24227 | Spider:2 | Received a gift from Okawaru
 24439 | Spider:2 | 24439 ||| RETREEEEATING.
 24441 | Spider:2 | 24441 ||| RETREEEEATING.
 25006 | Spider:2 | Found a transporter.
 25006 | Spider:2 | Found a transporter.
 25158 | Spider:2 | Noticed qw's ghost (adept SpHu)
 25166 | Spider:2 | Noticed Arachne
 25408 | Spider:3 | 25408 ||| STAIRDANCE
 25435 | Spider:3 | 25435 ||| STAIRDANCE
 25438 | Spider:2 | Reached XP level 17. HP: 88/88 MP: 25/25
 25617 | Spider:3 | 25617 ||| RETREEEEATING.
 25618 | Spider:3 | 25618 ||| RETREEEEATING.
 25619 | Spider:3 | 25619 ||| RETREEEEATING.
 25620 | Spider:3 | 25620 ||| RETREEEEATING.
 25621 | Spider:3 | 25621 ||| RETREEEEATING.
 25622 | Spider:3 | 25622 ||| RETREEEEATING.
 25623 | Spider:3 | 25623 ||| RETREEEEATING.
 25624 | Spider:3 | 25624 ||| RETREEEEATING.
 25625 | Spider:3 | 25625 ||| RETREEEEATING.
 25626 | Spider:3 | 25626 ||| RETREEEEATING.
 25628 | Spider:3 | 25628 ||| RETREEEEATING.
 25630 | Spider:3 | 25630 ||| RETREEEEATING.
 25640 | Spider:3 | Received a gift from Okawaru
 25668 | Spider:3 | 25668 ||| RETREEEEATING.
 25669 | Spider:3 | 25669 ||| RETREEEEATING.
 25670 | Spider:3 | 25670 ||| RETREEEEATING.
 25672 | Spider:3 | 25672 ||| RETREEEEATING.
 25673 | Spider:3 | 25673 ||| RETREEEEATING.
 25674 | Spider:3 | 25674 ||| RETREEEEATING.
 25676 | Spider:3 | 25676 ||| RETREEEEATING.
 25677 | Spider:3 | 25677 ||| RETREEEEATING.
 25678 | Spider:3 | 25678 ||| RETREEEEATING.
 25679 | Spider:3 | 25679 ||| RETREEEEATING.
 25706 | Spider:3 | 25706 ||| READING scroll of acquirement.
 25706 | Spider:3 | 25706 ||| ACQUIRING +1 hat "Basi Fia" {rC++}
 25706 | Spider:3 | Acquired the +1 hat "Basi Fia" {rC++}
 25708 | Spider:3 | 25708 ||| UPGRADING to +1 hat "Basi Fia" {rC++}.
 25768 | Spider:3 | Reached skill level 27 in Dodging
 25935 | Spider:3 | 25935 ||| PLANNING SWAMP:4
 26072 | Swamp:4  | Entered Level 4 of the Swamp
 26081 | Swamp:4  | 26081 ||| STAIRDANCE
 26202 | Swamp:4  | 26202 ||| RETREEEEATING.
 26205 | Swamp:4  | 26205 ||| RETREEEEATING.
 26209 | Swamp:4  | 26209 ||| RETREEEEATING.
 26210 | Swamp:4  | 26210 ||| RETREEEEATING.
 26211 | Swamp:4  | 26211 ||| RETREEEEATING.
 26215 | Swamp:4  | 26215 ||| RETREEEEATING.
 26278 | Swamp:4  | Noticed the 27-headed Lernaean hydra
 26279 | Swamp:4  | 26279 ||| INVOKING Finesse.
 26289 | Swamp:4  | Killed the 27-headed Lernaean hydra
 26317 | Swamp:4  | Received a gift from Okawaru
 26397 | Swamp:4  | 26397 ||| RETREEEEATING.
 26400 | Swamp:4  | 26400 ||| RETREEEEATING.
 26401 | Swamp:4  | 26401 ||| RETREEEEATING.
 26402 | Swamp:4  | 26402 ||| RETREEEEATING.
 26404 | Swamp:4  | 26404 ||| RETREEEEATING.
 26405 | Swamp:4  | 26405 ||| RETREEEEATING.
 26406 | Swamp:4  | 26406 ||| RETREEEEATING.
 26407 | Swamp:4  | 26407 ||| RETREEEEATING.
 26408 | Swamp:4  | 26408 ||| RETREEEEATING.
 26409 | Swamp:4  | 26409 ||| RETREEEEATING.
 26410 | Swamp:4  | 26410 ||| RETREEEEATING.
 26411 | Swamp:4  | 26411 ||| RETREEEEATING.
 26412 | Swamp:4  | 26412 ||| RETREEEEATING.
 26413 | Swamp:4  | 26413 ||| RETREEEEATING.
 26414 | Swamp:4  | 26414 ||| RETREEEEATING.
 26415 | Swamp:4  | 26415 ||| INVOKING Finesse.
 26423 | Swamp:4  | 26423 ||| INVOKING Heroism.
 26432 | Swamp:4  | HP: 17/91 [six-headed hydra (7)]
 26433 | Swamp:4  | 26433 ||| READING 16 scrolls of teleportation.
 26433 | Swamp:4  | HP: 8/91 [ghost crab] (2)]
 26433 | Swamp:4  | HP: 3/91 [eleionoma/spray of wooden splinters (5)]
 26433 | Swamp:4  | Slain by a six-headed hydra

Levels and vault maps discovered:
D:1:      minmay_arrival_arboretum_large, layout_basic, serial_shops,
          nicolae_diamond_shop, serial_glass, glass_columns_c, glass_columns_b,
          minmay_stone_trees_medium
D:2:      layout_loops_ring, serial_undead, serial_undead_e, serial_undead_e,
          serial_undead_b, serial_undead_b
D:3:      layout_loops_ring, jmf_multi_god_temple2, uniq_terence, uniq_sigmund
D:4:      layout_loops_corners, nicolae_ru_the_path_less_chosen,
          minmay_temple_entry_waves, serial_shops, nicolae_shop_behind_doors,
          uniq_edmund, uniq_menkaure, uniq_duvessa
D:5:      layout_gridville, nicolae_uskayaw_suspiria
D:6:      layout_cave_pools, grunt_temple_overflow_gold_and_silver,
          gammafunk_ghost_cemetery
D:7:      layout_basic, grunt_decor_fettered
D:8:      kennysheep_blocky_room, layout_cave_pods
D:9:      layout_grid_maze, mainiacjoe_overflow_surrounded_room, orc_0_dummy,
          serial_shops, shop, uniq_jeremiah, uniq_joseph, uniq_grum
D:10:     layout_loops_ring, uniq_lodul, uniq_josephine, uniq_harold,
          uniq_nergalle
D:11:     layout_layer_cave, grunt_lair_entry_orc_guard_hut, nrook_loot_triangle
D:12:     layout_layer_cave
D:13:     layout_stronghold, erik_vaults_1
D:14:     layout_long_grid, corexii_corridor_pit, uniq_roxanne
D:15:     gammafunk_depths_entry_grave, layout_basic
Temple:   hellmonk_temple_of_storms
Lair:1:   layout_cave_shapes, patterned_corridor
Lair:2:   layout_gridlike, lemuel_fruit_fields
Lair:3:   layout_regular_city, skrybe_swamp_entry_bodies, spider_nest_entry_a,
          minivault_19, st_stairs_6, uniq_sonja, uniq_amaemon
Lair:4:   layout_cave_pods, minmay_slime_entry_pillars, basic_altar,
          grunt_megastairs_3
Lair:5:   minmay_lair_end_frog_pond, layout_layer_cave, gammafunk_ghost_split,
          chequers_serial_rivers_small_b, minivault_26
Swamp:1:  layout_falls_marsh, nicolae_swamp_round_clearing
Swamp:2:  layout_falls_marsh, serial_swamp_ruin, evilmike_swamp_ruin_house_1,
          evilmike_swamp_ruin_rubble_1, evilmike_swamp_ruin_house_4,
          infiniplex_staircase_pool
Swamp:3:  cheibrodos_swamp_monstrosity, layout_basic_swamp,
          evilmike_swamp_ruin_wall
Swamp:4:  swamp_old_school, layout_basic_swamp,
          portal_ice_cave_entry_ice_statue_two, nicolae_swamp_tree_isthmus
Spider:1: layout_spider_delve, nicolae_spider_rock_and_or_roll
Spider:2: layout_chambers, nzn_ghost_randoct
Spider:3: layout_spider_delve, hellmonk_test_site
Orc:1:    layout_caves
Orc:2:    st_orc_town, layout_caves, serial_shops, shop,
          nicolae_orc_found_a_spring, blackcustard_mines_bat_river, uniq_jorgrun

Skill      XL: |  1  2  3  4  5  6  7  8  9 10 11 12 13 14 15 16 17 |
---------------+----------------------------------------------------+-----
Dodging        | 3 4 5 6 7 10 12 13 15 17 19 21 23 26 27 | 27.0
Ranged Weapons | 5 6 8 10 11 12 14 15 17 18 | 18.0
Fighting       | 3 4 5 6 7 8 9 11 | 11.4
Invocations    | 3 4 7 10 | 10.0
Armour         | 1 2 |  2.0
Stealth        | |  1.5

Action                     |  1- 3 |  4- 6 |  7- 9 | 10-12 | 13-15 | 16-18 || total
---------------------------+-------+-------+-------+-------+-------+-------++-------
   Fire: Shortbow          |   117 |    85 |    77 |       |       |       ||   279
         Orcbow            |       |       |   240 |   513 |   345 |       ||  1098
         Arbalest          |       |       |       |       |   752 |   612 ||  1364
 Invoke: Finesse           |       |       |     1 |     9 |    10 |    10 ||    30
         Heroism           |       |       |     1 |     1 |       |     2 ||     4
         Receive Weapon    |       |       |       |       |     1 |       ||     1
         Receive Armour    |       |       |       |       |     1 |       ||     1
  Evoke: Wand              |       |     5 |       |     7 |     1 |     5 ||    18
    Use: Scroll            |     7 |     6 |     6 |    10 |     3 |     3 ||    35
         Potion            |     2 |     8 |     4 |     2 |     1 |       ||    17
 Armour: Robe              |    11 |    18 |    40 |    53 |    77 |    79 ||   278
  Dodge: Dodged            |    38 |    34 |   179 |   392 |   598 |   576 ||  1817

Table legend:
 A = Non-vault XP
 B = Vault XP
 C = Vault XP percentage of total XP
 D = Non-vault monster count
 E = Vault monster count
 F = Vault count percentage of total count
                 A         B        C        D         E       F
            +---------+---------+-------+---------+---------+-------
      Total |  187001 |   67985 |  26.7 |     711 |     200 |  22.0
            +---------+---------+-------+---------+---------+-------
        D:1 |      35 |       0 |   0.0 |      22 |       0 |   0.0
        D:2 |      56 |       0 |   0.0 |      22 |       0 |   0.0
        D:3 |      37 |     255 |  87.3 |      14 |       4 |  22.2
        D:4 |     397 |     535 |  57.4 |      24 |       4 |  14.3
        D:5 |     150 |       0 |   0.0 |       7 |       0 |   0.0
        D:6 |     850 |       0 |   0.0 |      16 |       0 |   0.0
        D:7 |    1537 |       0 |   0.0 |      25 |       0 |   0.0
        D:8 |    1127 |    1208 |  51.7 |      15 |       8 |  34.8
        D:9 |    4819 |    1478 |  23.5 |      53 |       7 |  11.7
       D:10 |    2411 |    5251 |  68.5 |      20 |      17 |  45.9
       D:11 |    3524 |    1204 |  25.5 |      25 |       6 |  19.4
       D:12 |    6448 |       0 |   0.0 |      24 |       0 |   0.0
       D:13 |    3131 |    1654 |  34.6 |       8 |       2 |  20.0
       D:14 |    8518 |    1316 |  13.4 |      25 |       1 |   3.8
       D:15 |    8580 |    4109 |  32.4 |      17 |       7 |  29.2
     Lair:1 |    6375 |       0 |   0.0 |      27 |       0 |   0.0
     Lair:2 |    8922 |       0 |   0.0 |      34 |       0 |   0.0
     Lair:3 |   15455 |    4193 |  21.3 |      40 |      10 |  20.0
     Lair:4 |   14135 |    2319 |  14.1 |      44 |      13 |  22.8
     Lair:5 |    7899 |   10754 |  57.7 |      22 |      36 |  62.1
    Swamp:1 |    6008 |       0 |   0.0 |      10 |       0 |   0.0
    Swamp:2 |   14081 |       0 |   0.0 |      28 |       0 |   0.0
    Swamp:3 |   12465 |    1858 |  13.0 |      21 |       1 |   4.5
    Swamp:4 |   11212 |   10160 |  47.5 |      15 |      13 |  46.4
   Spider:1 |   14558 |    4161 |  22.2 |      35 |       5 |  12.5
   Spider:2 |   10172 |       0 |   0.0 |      23 |       0 |   0.0
   Spider:3 |   16026 |     822 |   4.9 |      38 |       1 |   2.6
      Orc:1 |    2571 |       0 |   0.0 |      14 |       0 |   0.0
      Orc:2 |    5502 |   16708 |  75.2 |      43 |      65 |  60.2
            +---------+---------+-------+---------+---------+-------
